 Dungeon Crawl Stone Soup version 0.21.1-1-g345015f (webtiles) character file.

855 keltmir the Charmwright (level 8, -5/63 HPs)
             Began as a Gnoll Skald on Apr 15, 2018.
             Slain by a two-headed ogre
             ... wielding a +0 giant spiked club
              (18 damage)
             ... on level 4 of the Dungeon.
             The game lasted 00:12:52 (4161 turns).

keltmir the Charmwright (Gnoll Skald)               Turns: 4161, Time: 00:12:53

Health: -5/63      AC:  5    Str: 16    XL:     8   Next: 1%
Magic:  14/16      EV: 14    Int: 16    God:
Gold:   239        SH:  0    Dex: 14    Spells: 7/18 levels left

rFire    . . .     SeeInvis +   s - +0 quarterstaff of the Iron City of Dis {vamp, +Inv MR++} (curse)
rCold    . . .     Gourm    .   (shield currently unavailable)
rNeg     . . .     Faith    .   b - +0 leather armour
rPois    .         Spirit   .   h - +1 helmet
rElec    .         Reflect  .   (no cloak)
rCorr    .         Harm     .   (no gloves)
MR       ++...                  (no boots)
Stlth    ++........             (no amulet)
HPRegen  0.20/turn              k - ring of see invisible
MPRegen  0.15/turn              (no ring)

@: no status effects
A: distributed training, fangs 1, strong nose
a: Evoke Invisibility


You were on level 4 of the Dungeon.
You were not hungry.

You visited 1 branch of the dungeon, and saw 5 of its levels.

You collected 239 gold pieces.

Inventory:

Hand Weapons
 a - a +1 spear
 i - a +3 mace
 p - a +2 flail of protection
 s - the cursed +0 quarterstaff of the Iron City of Dis (weapon) {vamp, +Inv MR++}
   (You found it on level 5 of the Dungeon)

   It inflicts no extra harm, but heals its wielder when it wounds a living foe.
   It affects your resistance to hostile enchantments.
   It lets you turn invisible.
   It has a curse placed upon it.
Armour
 b - a +0 leather armour (worn)
 h - a +1 helmet (worn)
 m - a +0 scale mail
Jewellery
 j - an uncursed ring of protection from magic
 k - a ring of see invisible (left hand)
Wands
 o - a wand of paralysis (9)
Scrolls
 f - a scroll of identify
 q - a scroll of teleportation
Potions
 e - a potion of magic
 g - 2 potions of flight
 n - a potion of might
Books
 c - a book of Battle

   Spells                             Type                      Level
   a - Infusion                       Charms                       1
   b - Shroud of Golubria             Charms/Translocation         2
   c - Song of Slaying                Charms                       2
   d - Spectral Weapon                Hexes/Charms                 3
   e - Regeneration                   Charms/Necromancy            3
Comestibles
 d - 12 rations
 l - 3 chunks of flesh


   Skills:
 + Level 5.4 Fighting
 + Level 2.8 Short Blades
 + Level 2.8 Long Blades
 + Level 2.8 Axes
 + Level 2.8 Maces & Flails
 + Level 5.4 Polearms
 + Level 2.8 Staves
 + Level 2.8 Slings
 + Level 2.8 Bows
 + Level 2.8 Crossbows
 + Level 2.8 Throwing
 + Level 3.8 Armour
 + Level 5.4 Dodging
 + Level 2.8 Stealth
 + Level 2.8 Shields
 + Level 2.8 Unarmed Combat
 + Level 5.8 Spellcasting
 + Level 2.2 Conjurations
 + Level 2.2 Hexes
 + Level 5.9 Charms
 + Level 2.2 Summonings
 + Level 2.2 Necromancy
 + Level 2.2 Translocations
 + Level 2.2 Transmutations
 + Level 2.2 Fire Magic
 + Level 2.2 Ice Magic
 + Level 2.2 Air Magic
 + Level 2.2 Earth Magic
 + Level 2.2 Poison Magic
 + Level 3.1 Invocations
 + Level 2.8 Evocations


You had 7 spell levels left.
You knew the following spells:

 Your Spells              Type           Power        Failure   Level  Hunger
a - Infusion              Chrm           ###.         1%          1    None
b - Regeneration          Chrm/Necr      ###.......   9%          3    ##.....
c - Spectral Weapon       Hex/Chrm       ###.....     9%          3    ##.....
d - Song of Slaying       Chrm           ###.....     2%          2    #......
e - Shroud of Golubria    Chrm/Tloc      ###.......   4%          2    #......


Dungeon Overview and Level Annotations

Branches:
Dungeon (5/15)
 Temple: D:4-7

Altars:


Innate Abilities, Weirdness & Mutations

Your experience applies equally to all skills.
You have very sharp teeth.
Your uncanny sense of smell can sniff out nearby items.


Message History

The two-headed ogre hits you but does no damage.
You barely miss the two-headed ogre.
The two-headed ogre is lightly wounded.
Your spectral weapon hits the two-headed ogre.
The two-headed ogre hits you with a giant spiked club!
The two-headed ogre hits you with a giant club!
You sock the two-headed ogre!
You feel better.
The two-headed ogre is moderately wounded.
Your spectral weapon hits the two-headed ogre!
You hit the two-headed ogre.
The two-headed ogre is heavily wounded.
Your spectral weapon hits the two-headed ogre!
The two-headed ogre hits you with a giant spiked club!!
* * * LOW HITPOINT WARNING * * *
The two-headed ogre misses you.
You hit the two-headed ogre but do no damage.
The two-headed ogre is severely wounded.
Your spectral weapon barely misses the two-headed ogre.
The two-headed ogre hits you with a giant spiked club!!
You die...

#.... ....
.... #..# #..#
#..# #
#.(##.##.#
#$@O.....#
##.#.###.# ##
#+# #.#.#.. ..
... #.#.#.# ..
#.# #.#.#.# .#
#.# #.#.#.####
.########.##
#........##.#
.....).....###
###.#.....#.#
.#######....<#
#....#..#.#
#...


You could see a two-headed ogre and a friendly spectral quarterstaff of the Iron
City of Dis {vamp, +Inv MR++}.

Vanquished Creatures
  3 ogres
  An ice beast (D:5)
  The ghost of Jaiteiro the Stinger, an amateur SpVM (D:3)
  A howler monkey (D:3)
  A bullfrog zombie (D:5)
  An orc priest (D:4)
  A jelly (D:5)
  A hound (D:4)
  3 iguanas
  3 worker ants
  Robin (D:3)
  3 adders
  2 oozes
  3 dart slugs
  7 leopard geckos
  3 orcs (D:4)
  7 giant cockroaches
  13 goblins
  12 hobgoblins
  3 jackals (D:2)
  3 kobolds
  2 quokkas
  A ball python (D:2)
  6 bats
  2 frilled lizards (D:1)
  A leopard gecko skeleton (D:3)
  12 rats
97 creatures vanquished.

Vanquished Creatures (others)
  A spectral weapon (D:3)
1 creature vanquished.

Grand Total: 98 creatures vanquished

Notes
Turn   | Place    | Note
-------+----------+-------------------------------------------
     0 | D:1      | keltmir the Gnoll Skald began the quest for the Orb.
     0 | D:1      | Reached XP level 1. HP: 20/20 MP: 6/6
    85 | D:1      | Reached XP level 2. HP: 19/26 MP: 7/7
   574 | D:1      | Reached XP level 3. HP: 30/31 MP: 9/9
   746 | D:2      | Reached skill level 5 in Spellcasting
   957 | D:2      | Reached skill level 1 in Invocations
  1272 | D:2      | Reached skill level 1 in Short Blades
  1272 | D:2      | Reached skill level 1 in Long Blades
  1272 | D:2      | Reached skill level 1 in Axes
  1272 | D:2      | Reached skill level 1 in Maces & Flails
  1272 | D:2      | Reached skill level 1 in Staves
  1272 | D:2      | Reached skill level 1 in Slings
  1272 | D:2      | Reached skill level 1 in Bows
  1272 | D:2      | Reached skill level 1 in Crossbows
  1272 | D:2      | Reached skill level 1 in Throwing
  1272 | D:2      | Reached skill level 1 in Stealth
  1272 | D:2      | Reached skill level 1 in Shields
  1272 | D:2      | Reached skill level 1 in Unarmed Combat
  1272 | D:2      | Reached skill level 1 in Evocations
  1278 | D:2      | Learned a level 3 spell: Regeneration
  1282 | D:2      | Learned a level 3 spell: Spectral Weapon
  1319 | D:2      | Reached XP level 4. HP: 27/38 MP: 11/11
  1661 | D:3      | Learned a level 2 spell: Song of Slaying
  1664 | D:3      | Learned a level 2 spell: Shroud of Golubria
  1703 | D:3      | Reached skill level 1 in Conjurations
  1703 | D:3      | Reached skill level 1 in Hexes
  1703 | D:3      | Reached skill level 1 in Summonings
  1703 | D:3      | Reached skill level 1 in Necromancy
  1703 | D:3      | Reached skill level 1 in Translocations
  1703 | D:3      | Reached skill level 1 in Transmutations
  1703 | D:3      | Reached skill level 1 in Fire Magic
  1703 | D:3      | Reached skill level 1 in Ice Magic
  1703 | D:3      | Reached skill level 1 in Air Magic
  1703 | D:3      | Reached skill level 1 in Earth Magic
  1703 | D:3      | Reached skill level 1 in Poison Magic
  1803 | D:3      | Noticed Robin
  1825 | D:3      | Killed Robin
  1831 | D:3      | Noticed Jaiteiro's ghost (amateur SpVM)
  1831 | D:3      | Reached XP level 5. HP: 24/43 MP: 4/12
  2183 | D:2      | HP: 2/43 [poisoned by Jaiteiro's ghost (sting)]
  2496 | D:3      | Killed Jaiteiro's ghost
  2496 | D:3      | Reached XP level 6. HP: 29/50 MP: 10/13
  2867 | D:3      | You fall through a shaft for 2 floors!
  2867 | D:5      | Entered Level 5 of the Dungeon
  2915 | D:5      | Got a warped quarterstaff
  3093 | D:5      | Identified the cursed +0 quarterstaff of the Iron City of Dis {vamp, +Inv MR++} (You found it on level 5 of the Dungeon)
  3131 | D:5      | HP: 2/50 [poisoned by a worker ant]
  3139 | D:5      | Reached skill level 5 in Fighting
  3139 | D:5      | Reached skill level 5 in Polearms
  3139 | D:5      | Reached skill level 5 in Dodging
  3210 | D:5      | Noticed an ice beast
  3261 | D:5      | Reached XP level 7. HP: 56/56 MP: 8/15
  4114 | D:4      | Reached XP level 8. HP: 55/63 MP: 14/16
  4153 | D:4      | Noticed a two-headed ogre
  4161 | D:4      | Slain by a two-headed ogre

Skill      XL: |  1  2  3  4  5  6  7 |
---------------+----------------------+-----
Spellcasting   | 5 |  5.8
Invocations    | 1 2 3 |  3.1
Short Blades   | 1 2 |  2.8
Long Blades    | 1 2 |  2.8
Axes           | 1 2 |  2.8
Maces & Flails | 1 2 |  2.8
Staves         | 1 2 |  2.8
Slings         | 1 2 |  2.8
Bows           | 1 2 |  2.8
Crossbows      | 1 2 |  2.8
Throwing       | 1 2 |  2.8
Stealth        | 1 2 |  2.8
Shields        | 1 2 |  2.8
Unarmed Combat | 1 2 |  2.8
Evocations     | 1 2 |  2.8
Conjurations   | 1 2 |  2.2
Hexes          | 1 2 |  2.2
Summonings     | 1 2 |  2.2
Necromancy     | 1 2 |  2.2
Translocations | 1 2 |  2.2
Transmutations | 1 2 |  2.2
Fire Magic     | 1 2 |  2.2
Ice Magic      | 1 2 |  2.2
Air Magic      | 1 2 |  2.2
Earth Magic    | 1 2 |  2.2
Poison Magic   | 1 2 |  2.2
Armour         | 3 |  3.8
Fighting       | 5 |  5.4
Polearms       | 5 |  5.4
Dodging        | 5 |  5.4
Charms         | |  5.9

Action                   |  1- 3 |  4- 6 |  7- 9 || total
-------------------------+-------+-------+-------++-------
Melee: Spear             |   169 |   153 |       ||   322
       Bite              |    18 |    17 |     5 ||    40
       Quarterstaff      |       |    14 |    75 ||    89
 Cast: Spectral Weapon   |       |     5 |     3 ||     8
       Regeneration      |       |     4 |     1 ||     5
       Song of Slaying   |       |     7 |       ||     7
 Abil: Evoke Invisibilit |       |       |     2 ||     2
  Use: Scroll            |     3 |       |     8 ||    11
       Potion            |       |     6 |       ||     6
 Stab: Sleeping          |     1 |     1 |       ||     2
       Confused          |       |     1 |       ||     1
       Invisible         |       |     1 |     3 ||     4
       Distracted        |       |       |     1 ||     1
  Eat: Chunk             |     1 |     4 |     2 ||     7
       Ration            |       |     3 |       ||     3
Armor: Leather armour    |    38 |    37 |    18 ||    93
Dodge: Dodged            |   135 |   139 |    61 ||   335
